 Dungeon Crawl Stone Soup version 0.25.1-11-g244df3a29b (webtiles) character file.

Game seed: 18066799733764533604

14319 DeepDeath the Spear-Bearer (level 12, -1/96 HPs)
             Began as a Gnoll Berserker on Dec 31, 2023.
             Was an Elder of Trog.
             Slain by Rupert
             ... wielding a +2 great mace of pain
              (3 damage)
             ... while paralysed by Rupert
             ... on level 3 of the Lair of Beasts.
             The game lasted 00:41:08 (11854 turns).

DeepDeath the Spear-Bearer (Gnoll Berserker)       Turns: 11854, Time: 00:41:09

Health: -1/96      AC: 12    Str: 23    XL:     12   Next: 15%
Magic:  22/22      EV:  2    Int: 10    God:    Trog [****..]
Gold:   487        SH:  0    Dex: 16    Spells: 24/24 levels left

rFire    + . .     SeeInvis .   w - +4 trident (freeze)
rCold    . . .     Gourm    .   O - +1 buckler
rNeg     + . .     Faith    .   Y - +3 leather armour {rPois}
rPois    +         Spirit   .   V - +1 helmet of Purpose {rF+}
rElec    .         Reflect  +   (no cloak)
rCorr    .         Harm     .   U - +0 pair of gloves
MR       ++...                  t - +0 pair of boots
Stlth    +++.......             m - amulet of reflection
HPRegen  1.26/turn              e - ring of positive energy
MPRegen  0.18/turn              g - +4 ring of evasion

@: paralysed, regenerating
A: distributed training, fangs 1, strong nose
a: Berserk, Trog's Hand, Brothers in Arms, Renounce Religion


You were on level 3 of the Lair of Beasts.
You worshipped Trog.
Trog was greatly pleased with you.
You were not hungry.

You visited 2 branches of the dungeon, and saw 12 of its levels.
You also visited: Sewer.

You collected 887 gold pieces.
You spent 400 gold pieces at shops.

Inventory:

Hand Weapons
 q - a +0 hand crossbow
 w - a +4 trident of freezing (weapon)
 H - a +0 trident
Missiles
 j - 84 bolts
 s - 39 poisoned darts (quivered)
 N - 3 javelins
Armour
 d - the +3 ring mail of Sooguade {-Cast Int+6, unknown}
   (You found it on level 3 of the Lair of Beasts)

   It affects your intelligence (+6).
   It prevents spellcasting.
 t - a +0 pair of boots (worn)
 I - the +4 leather armour of Darkness {Dex+3}
   (You found it on level 6 of the Dungeon)

   It affects your dexterity (+3).
 O - a +1 buckler (worn)
 U - a +0 pair of gloves (worn)
 V - the +1 helmet of Purpose (worn) {rF+}
   (You found it on level 2 of the Lair of Beasts)

   It protects you from fire.
 Y - a +3 leather armour of poison resistance (worn)
Jewellery
 e - a ring of positive energy (left hand)
 g - a +4 ring of evasion (right hand)
 m - an amulet of reflection (around neck)
 u - an uncursed ring of fire
 S - an uncursed ring of resist corrosion
Wands
 n - a wand of acid (1)
 v - a wand of flame (36)
 K - a wand of paralysis (10)
 M - a wand of iceblast (11)
 W - a wand of disintegration (13)
Scrolls
 a - 2 scrolls of remove curse
 h - 4 scrolls of fear
 i - 5 scrolls of fog
 p - 4 scrolls of enchant weapon
 y - 6 scrolls of teleportation
 R - 2 scrolls of magic mapping
Potions
 b - 5 potions of heal wounds
 c - 5 potions of curing
 k - a potion of haste {unknown}
 r - a potion of resistance
 x - 4 potions of stabbing
 z - 3 potions of flight
 A - a potion of invisibility
 B - 4 potions of might
 C - 3 potions of lignification
 E - a potion of ambrosia
 X - 2 potions of cancellation
 Z - a potion of berserk rage
Miscellaneous
 Q - a phantom mirror
Comestibles
 f - 23 rations


   Skills:
 + Level 9.5 Fighting
 + Level 6.9 Short Blades
 + Level 6.9 Long Blades
 + Level 6.9 Axes
 + Level 6.9 Maces & Flails
 + Level 9.5 Polearms
 + Level 6.9 Staves
 + Level 6.9 Slings
 + Level 6.9 Bows
 + Level 6.9 Crossbows
 + Level 6.9 Throwing
 + Level 8.3 Armour
 + Level 8.3 Dodging
 + Level 6.9 Stealth
 + Level 6.9 Shields
 + Level 6.9 Unarmed Combat
 + Level 6.9 Spellcasting
 + Level 5.7 Conjurations
 + Level 5.7 Hexes
 + Level 5.7 Charms
 + Level 5.7 Summonings
 + Level 5.7 Necromancy
 + Level 5.7 Translocations
 + Level 5.7 Transmutations
 + Level 5.7 Fire Magic
 + Level 5.7 Ice Magic
 + Level 5.7 Air Magic
 + Level 5.7 Earth Magic
 + Level 5.7 Poison Magic
 + Level 7.5 Invocations
 + Level 6.9 Evocations


You had 24 spell levels left.
You didn't know any spells.
Your spell library was empty.

Dungeon Overview and Level Annotations

Branches:
Dungeon (9/15)             Temple (0/1) D:5            Lair (3/6) D:9
 Shoals (0/4) Lair:2          Orc (0/2) D:9           Sewer (visited)
  Snake: Lair:2-4    Spider: Lair:2-4

Altars:
Ashenzari
Cheibriados
Elyvilon
Kikubaaqudgha
Nemelex Xobeh
Sif Muna
Xom
Yredelemnul
Lugonu

Shops:
D:5 !   D:8 %

Annotations:
D:7 1 transporter
D:8 1 runed translucent door, LeSquirrell's ghost, novice HOBe
Lair:1 exclusion: 2 electric eels
Lair:3 Rupert


Innate Abilities, Weirdness & Mutations

Your experience applies equally to all skills.
You have very sharp teeth.
Your uncanny sense of smell can sniff out nearby items.


Message History

Evoke which item? (* to show all) (? for menu, Esc to quit)
Aiming: Corrosive Bolt
Press: ? - help, Shift-Dir - straight line, f/p - Rupert
Aim: Rupert, wielding a +2 great mace of pain and wearing a +0 leather armour (lightly wounded)
The bolt of acid hits Rupert!!
Rupert is splashed with acid!
Rupert is heavily wounded.
Rupert looks confused.
Rupert yells loudly at you.
You suddenly lose the ability to move!
Rupert hits you with a +2 great mace of pain!
Rupert roars madly and goes into a rage!
Rupert goes berserk!
Rupert hits you with a +2 great mace of pain!!
You writhe in agony.
Rupert hits you with a +2 great mace of pain!!
You writhe in agony.
Rupert hits you with a +2 great mace of pain!!
* * * LOW HITPOINT WARNING * * *
You writhe in agony.
You die...

#................<..
##...#..............
##..................
#............#....#.
#....P............##
##..........$......#
#...#.............#
#.....#.#..........
#†@@.......@.......
#..........
#..........
#PP........
#P.........
##.........
#..###.### #### ##


You could see Rupert (berserk).

Vanquished Creatures
  2 hydras (Lair:1)
  2 two-headed ogres
  A manticore (Lair:2)
  4 torpor snails (Lair:1)
  2 spiny frogs
  A hornet (D:7)
  A polar bear (Lair:2)
  3 blink frogs (Lair:2)
  6 hippogriffs
  Sigmund (D:4)
  A spriggan (D:7)
  9 yaks
  4 wyverns
  2 basilisks (Lair:1)
  A steam dragon (D:9)
  Grum (D:8)
  Menkaure (D:5)
  3 wargs (D:9)
  6 water moccasins
  3 porcupines
  A necrophage (D:8)
  A sky beast (D:7)
  An eye of draining (D:8)
  A black bear (D:7)
  An ice beast (D:6)
  4 ogres
  2 wolves (D:8)
  2 phantoms
  3 crocodiles
  A big kobold (D:9)
  8 bullfrogs
  3 scorpions
  4 killer bees (D:8)
  A howler monkey (D:8)
  4 crimson imps
  A centaur zombie (D:5)
  A quasit (D:9)
  3 jellies
  2 orc priests (D:9)
  3 bullfrog skeletons
  4 hounds
  3 orc wizards (D:9)
  Jessica (D:3)
  Natasha (thrice) (D:4)
  5 worker ants
  2 hound skeletons
  3 gnolls (D:9)
  9 adders
  A shadow imp (D:5)
  7 oozes
  2 adder zombies
  2 adder skeletons
  4 worms
  3 dart slugs
  8 leopard geckos
  9 orcs
  7 bats
  7 giant cockroaches
  12 goblins
  12 hobgoblins
  7 jackals
  11 kobolds
  4 quokkas
  8 ball pythons
  5 frilled lizards
  A quokka zombie (D:7)
  9 rats
250 creatures vanquished.

Vanquished Creatures (others)
  5 dream sheep (D:8)
  2 fungi (Lair:1)
  15 plants (Lair:1)
22 creatures vanquished.

Grand Total: 272 creatures vanquished

Notes
Turn   | Place    | Note
-------+----------+-------------------------------------------
     0 | D:1      | DeepDeath the Gnoll Berserker began the quest for the Orb.
     0 | D:1      | Reached XP level 1. HP: 23/23 MP: 1/1
    51 | D:1      | Reached XP level 2. HP: 29/29 MP: 2/2
   192 | D:1      | Reached XP level 3. HP: 22/35 MP: 3/3
   496 | D:1      | Found a snail-covered altar of Cheibriados.
   574 | D:1      | Reached skill level 1 in Invocations
   581 | D:1      | Reached ** piety under Trog
   978 | D:2      | Reached skill level 1 in Short Blades
   978 | D:2      | Reached skill level 1 in Long Blades
   978 | D:2      | Reached skill level 1 in Axes
   978 | D:2      | Reached skill level 1 in Maces & Flails
   978 | D:2      | Reached skill level 1 in Staves
   978 | D:2      | Reached skill level 1 in Slings
   978 | D:2      | Reached skill level 1 in Bows
   978 | D:2      | Reached skill level 1 in Crossbows
   978 | D:2      | Reached skill level 1 in Throwing
   978 | D:2      | Reached skill level 1 in Stealth
   978 | D:2      | Reached skill level 1 in Shields
   978 | D:2      | Reached skill level 1 in Unarmed Combat
   978 | D:2      | Reached skill level 1 in Spellcasting
   978 | D:2      | Reached skill level 1 in Evocations
  1038 | D:2      | Reached XP level 4. HP: 38/41 MP: 5/5
  1367 | D:2      | Reached skill level 1 in Conjurations
  1367 | D:2      | Reached skill level 1 in Hexes
  1367 | D:2      | Reached skill level 1 in Charms
  1367 | D:2      | Reached skill level 1 in Summonings
  1367 | D:2      | Reached skill level 1 in Necromancy
  1367 | D:2      | Reached skill level 1 in Translocations
  1367 | D:2      | Reached skill level 1 in Transmutations
  1367 | D:2      | Reached skill level 1 in Fire Magic
  1367 | D:2      | Reached skill level 1 in Ice Magic
  1367 | D:2      | Reached skill level 1 in Air Magic
  1367 | D:2      | Reached skill level 1 in Earth Magic
  1367 | D:2      | Reached skill level 1 in Poison Magic
  2093 | D:3      | Reached XP level 5. HP: 47/47 MP: 6/6
  2106 | D:3      | Noticed Jessica
  2112 | D:3      | Killed Jessica
  2112 | D:3      | Reached *** piety under Trog
  2528 | D:4      | Found a large runed translucent door.
  2528 | D:4      | Found a large runed translucent door.
  2528 | D:4      | Noticed a hippogriff
  2530 | D:4      | Found a large runed translucent door.
  2530 | D:4      | Found a large runed translucent door.
  2579 | D:4      | Noticed a phantom
  2598 | D:4      | Killed a phantom
  2598 | D:4      | Reached XP level 6. HP: 39/53 MP: 8/8
  2726 | D:4      | Noticed a wyvern
  2735 | D:4      | Killed a wyvern
  2735 | D:4      | Reached skill level 5 in Armour
  2735 | D:4      | Reached skill level 5 in Dodging
  2741 | D:4      | Reached XP level 7. HP: 58/59 MP: 8/10
  3031 | D:4      | Found a shattered altar of Ashenzari.
  3039 | D:4      | Noticed Natasha
  3049 | D:4      | Killed Natasha
  3203 | D:4      | Noticed Sigmund
  3216 | D:4      | Killed Sigmund
  3409 | D:4      | Noticed Natasha
  3419 | D:4      | Killed Natasha
  3564 | D:4      | Noticed Natasha
  3578 | D:4      | Killed Natasha
  3578 | D:4      | Reached XP level 8. HP: 60/67 MP: 12/12
  3591 | D:5      | Entered Level 5 of the Dungeon
  3592 | D:5      | Found Jeiklivi's Distillery.
  3597 | D:5      | Bought a potion of degeneration for 10 gold pieces
  3597 | D:5      | Bought a potion of flight for 30 gold pieces
  3597 | D:5      | Bought a potion of invisibility for 80 gold pieces
  3597 | D:5      | Bought a potion of might for 40 gold pieces
  3597 | D:5      | Bought a potion of lignification for 30 gold pieces
  3597 | D:5      | Bought a potion of magic for 80 gold pieces
  3597 | D:5      | Bought a potion of stabbing for 40 gold pieces
  3597 | D:5      | Bought a potion of heal wounds for 50 gold pieces
  3597 | D:5      | Bought a potion of might for 40 gold pieces
  3682 | D:5      | Found a basalt altar of Yredelemnul.
  3930 | D:5      | Noticed Menkaure
  3938 | D:5      | Killed Menkaure
  3965 | D:5      | Found a staircase to the Ecumenical Temple.
  4445 | D:6      | Found a glowing drain.
  4507 | Sewer    | Entered a sewer
  5375 | D:6      | Got a fine leather armour
  5386 | D:6      | Identified the +4 leather armour of Darkness {Dex+3} (You
                  | found it on level 6 of the Dungeon)
  5599 | D:6      | Reached XP level 9. HP: 72/72 MP: 14/14
  5787 | D:7      | Found a sparkling altar of Nemelex Xobeh.
  5787 | D:7      | Found a transporter.
  5787 | D:7      | Noticed a yaktaur
  5853 | D:7      | Noticed a hornet
  5865 | D:7      | Killed a hornet
  5996 | D:7      | Reached **** piety under Trog
  6349 | D:7      | Found a white marble altar of Elyvilon.
  6543 | D:8      | Found a runed translucent door.
  6544 | D:8      | Noticed LeSquirrell's ghost (novice HOBe)
  6545 | D:8      | Noticed a four-headed hydra
  6672 | D:8      | Found a corrupted altar of Lugonu.
  6672 | D:8      | Noticed a rust devil
  6673 | D:8      | Noticed an orange demon
  6771 | D:8      | Found Rawoxen's Food Boutique.
  6799 | D:8      | Noticed a two-headed ogre
  6861 | D:8      | Noticed Grum
  6886 | D:8      | Killed Grum
  6886 | D:8      | Reached skill level 5 in Invocations
  7057 | D:8      | Reached XP level 10. HP: 80/80 MP: 10/17
  7147 | D:8      | Found a shimmering blue altar of Sif Muna.
  7323 | D:8      | Killed a two-headed ogre
  7323 | D:8      | Reached skill level 5 in Short Blades
  7323 | D:8      | Reached skill level 5 in Long Blades
  7323 | D:8      | Reached skill level 5 in Axes
  7323 | D:8      | Reached skill level 5 in Maces & Flails
  7323 | D:8      | Reached skill level 5 in Staves
  7323 | D:8      | Reached skill level 5 in Slings
  7323 | D:8      | Reached skill level 5 in Bows
  7323 | D:8      | Reached skill level 5 in Crossbows
  7323 | D:8      | Reached skill level 5 in Throwing
  7323 | D:8      | Reached skill level 5 in Stealth
  7323 | D:8      | Reached skill level 5 in Shields
  7323 | D:8      | Reached skill level 5 in Unarmed Combat
  7323 | D:8      | Reached skill level 5 in Spellcasting
  7323 | D:8      | Reached skill level 5 in Evocations
  7388 | D:8      | Found a shimmering altar of Xom.
  8227 | D:9      | Found a shattered altar of Ashenzari.
  8358 | D:9      | Found a staircase to the Lair.
  8579 | D:9      | Noticed a two-headed ogre
  8594 | D:9      | Killed a two-headed ogre
  8827 | D:9      | Found an ancient bone altar of Kikubaaqudgha.
  9006 | D:9      | Reached XP level 11. HP: 87/87 MP: 19/19
  9239 | D:9      | Found a staircase to the Orcish Mines.
  9374 | Lair:1   | Entered Level 1 of the Lair of Beasts
  9834 | Lair:1   | Reached skill level 5 in Conjurations
  9834 | Lair:1   | Reached skill level 5 in Hexes
  9834 | Lair:1   | Reached skill level 5 in Charms
  9834 | Lair:1   | Reached skill level 5 in Summonings
  9834 | Lair:1   | Reached skill level 5 in Necromancy
  9834 | Lair:1   | Reached skill level 5 in Translocations
  9834 | Lair:1   | Reached skill level 5 in Transmutations
  9834 | Lair:1   | Reached skill level 5 in Fire Magic
  9834 | Lair:1   | Reached skill level 5 in Ice Magic
  9834 | Lair:1   | Reached skill level 5 in Air Magic
  9834 | Lair:1   | Reached skill level 5 in Earth Magic
  9834 | Lair:1   | Reached skill level 5 in Poison Magic
 10237 | Lair:1   | Noticed a six-headed hydra
 10250 | Lair:1   | Killed a six-headed hydra
 10353 | Lair:1   | Found a snail-covered altar of Cheibriados.
 10436 | Lair:1   | Noticed a four-headed hydra
 10455 | Lair:1   | Killed a four-headed hydra
 10885 | Lair:2   | Found a staircase to the Shoals.
 10886 | Lair:2   | Noticed a manticore
 10900 | Lair:2   | Killed a manticore
 11134 | Lair:2   | Reached XP level 12. HP: 87/96 MP: 22/22
 11149 | Lair:2   | Got a bloodstained helmet
 11161 | Lair:2   | Identified the +1 helmet of Purpose {rF+} (You found it on
                  | level 2 of the Lair of Beasts)
 11819 | Lair:3   | Noticed Rupert
 11829 | Lair:3   | Got a brightly glowing ring mail
 11849 | Lair:3   | Paralysed by Rupert for 7 turns
 11854 | Lair:3   | HP: 2/96 [Rupert/+2 great mace of pain (27)]
 11854 | Lair:3   | Slain by Rupert

Illustrated notes

Levels and vault maps discovered:
D:1:      dpeg_arrival_erosion, layout_loops_ring, minmay_misc_feat_x,
          ebering_dispersal_statue_hall, cheibriados_altar_1
D:2:      layout_loops_ring
D:3:      layout_basic, grunt_ministairs_11, uniq_jessica
D:4:      layout_basic, overflow_temple_1_default,
          minmay_hollow_rounded_squares, uniq_sigmund, uniq_natasha
D:5:      layout_loops_ring, lemuel_doored_altar, minmay_temple_entry_tees,
          serial_shops, shop, first_ration, uniq_menkaure
D:6:      minmay_spotlight, layout_loops_ring, portal_sewer_entry_f,
          nicolae_ossuary_entry_ruins
D:7:      layout_basic, elyvilon_altar_1, the_bakery, minmay_hedge_maze,
          grunt_nemelex_the_gamble
D:8:      layout_loops_corners, kb_xom_exploding_sheep, kennysheep_mini_moat,
          ebering_ghost_inner_flame, serial_shops, nicolae_shop_window_shopping,
          lemuel_hellish_altar, uniq_grum
D:9:      layout_stronghold, marbit_many_paths, erik_lair_orcish_takeover,
          orc_0_dummy, evilmike_ruin_ashenzari
Lair:1:   layout_concentric_octagons, serial_bayou_pond_d,
          chequers_serial_rivers_micro_b, minivault_23, serial_bayou_lagoon_a,
          kennysheep_snail_temple, grunt_megastairs_5, lemuel_fruit_tree,
          serial_bayou_shore_b
Lair:2:   layout_gridlike, minmay_shoals_entry_beasts, serial_bayou_shore_a,
          infiniplex_staircase_pool_2
Lair:3:   layout_chaotic_city, minmay_snake_entry_six_corridors,
          beast_lair_carwin_7, uniq_rupert

Skill      XL: |  1  2  3  4  5  6  7  8  9 10 11 |
---------------+----------------------------------+-----
Invocations    | 1 2 3 4 5 6 7 |  7.5
Short Blades   | 1 2 3 4 5 6 |  6.9
Long Blades    | 1 2 3 4 5 6 |  6.9
Axes           | 1 2 3 4 5 6 |  6.9
Maces & Flails | 1 2 3 4 5 6 |  6.9
Staves         | 1 2 3 4 5 6 |  6.9
Slings         | 1 2 3 4 5 6 |  6.9
Bows           | 1 2 3 4 5 6 |  6.9
Crossbows      | 1 2 3 4 5 6 |  6.9
Throwing       | 1 2 3 4 5 6 |  6.9
Stealth        | 1 2 3 4 5 6 |  6.9
Shields        | 1 2 3 4 5 6 |  6.9
Unarmed Combat | 1 2 3 4 5 6 |  6.9
Spellcasting   | 1 2 3 4 5 6 |  6.9
Evocations     | 1 2 3 4 5 6 |  6.9
Conjurations   | 1 2 3 4 5 |  5.7
Hexes          | 1 2 3 4 5 |  5.7
Charms         | 1 2 3 4 5 |  5.7
Summonings     | 1 2 3 4 5 |  5.7
Necromancy     | 1 2 3 4 5 |  5.7
Translocations | 1 2 3 4 5 |  5.7
Transmutations | 1 2 3 4 5 |  5.7
Fire Magic     | 1 2 3 4 5 |  5.7
Ice Magic      | 1 2 3 4 5 |  5.7
Air Magic      | 1 2 3 4 5 |  5.7
Earth Magic    | 1 2 3 4 5 |  5.7
Poison Magic   | 1 2 3 4 5 |  5.7
Armour         | 5 6 7 8 |  8.3
Dodging        | 5 6 7 8 |  8.3
Fighting       | 7 8 9 |  9.5
Polearms       | 7 8 9 |  9.5

Action                   |  1- 3 |  4- 6 |  7- 9 | 10-12 || total
-------------------------+-------+-------+-------+-------++-------
Melee: Spear             |   114 |    79 |       |       ||   193
       Bite              |    10 |     8 |    37 |    62 ||   117
       Trident           |       |    63 |   310 |   407 ||   780
       Punch             |       |     1 |     7 |       ||     8
 Fire: Hand crossbow     |       |       |       |    22 ||    22
Throw: Stone             |       |       |    17 |       ||    17
       Dart              |       |       |     7 |    41 ||    48
Invok: Berserk           |     1 |     1 |     2 |     9 ||    13
       Trog's Hand       |       |       |     7 |     9 ||    16
Evoke: Wand              |       |       |       |     2 ||     2
  Use: Scroll            |     5 |     6 |     7 |    11 ||    29
       Potion            |       |       |     1 |     1 ||     2
 Stab: Sleeping          |     3 |     1 |    12 |     9 ||    25
       Distracted        |       |       |       |     1 ||     1
  Eat: Chunk             |     1 |     6 |    13 |    17 ||    37
       Ration            |       |       |     2 |     3 ||     5
Armor: Animal skin       |     6 |       |       |       ||     6
       Leather armour    |     1 |     7 |    13 |    33 ||    54
       Scale mail        |       |    12 |    28 |       ||    40
Dodge: Dodged            |    31 |    38 |   132 |   197 ||   398
Block: Other             |     5 |     9 |    42 |       ||    56
       Reflection        |       |     2 |       |     1 ||     3
       Buckler           |       |       |       |   183 ||   183
